 Dungeon Crawl Stone Soup version 0.32-a0-834-geaf45d8 (webtiles) character file.

Game seed: 10981854611413002196

198024 Meow the Gelid (level 18, 178/178 HPs)
             Began as a Naga Conjurer on Mar 24, 2024.
             Was an Initiate of Gozag.
             Quit the game on level 1 of the Lair of Beasts on Mar 25, 2024.
             The game lasted 02:36:36 (45899 turns).

Meow the Gelid (Naga Conjurer)                     Turns: 45899, Time: 02:36:36

Health: 178/178    AC: 18    Str: 11    XL:     18   Next: 87%
Magic:  48/48      EV:  8    Int: 24    God:    Gozag
Gold:   987        SH:  0    Dex:  7    Spells: 12/51 levels left

rFire   + + +        a - +11 plutonium sword {^Contam Stlth-}
rCold   + + .        (shield currently unavailable)
rNeg    + . .        T - +4 skin of Zhor {*Englaciate rC+++ SInv}
rPois   +            t - +2 helmet
rElec   .            r - +2 cloak
rCorr   .            S - +0 pair of gloves of the Volcano {rF++ Regen+ Int-2 Dex+3}
SInv    +            (no barding)
Will    ++...        W - amulet of magic regeneration
Stlth   +            Y - ring of magical power
HPRegen 1.29/turn    e - ring "Adgha" {Fly rF+ rN+ Dex-5}
MPRegen 0.71/turn

%: random rage (3%)
@: flying, studying Alchemy, very slow
A: AC +6, large, see invisible, deformed body, poison resistance, slowness 2,
spit poison 1, naga tail 2, berserk 1, cold vulnerability 1
a: Spit Poison, Renounce Religion, Potion Petition, Call Merchant, Bribe Branch


You were on level 1 of the Lair of Beasts.
You worshipped Gozag.
Gozag was pleased with you.
You visited 6 branches of the dungeon, and saw 27 of its levels.
You also visited: Gauntlet and Ice Cave.

You collected 10794 gold pieces.
You spent 3620 gold pieces at shops.
You paid 6187 gold pieces to Gozag.

Inventory:

Hand Weapons
 a - the +11 plutonium sword (weapon) {^Contam Stlth-}
   (You found it on level 5 of the Lair of Beasts)

   ^Contam:   It causes magical contamination when unequipped.
   Stlth-:    It makes you less stealthy.
 b - a +0 broad axe
Missiles
 n - 3 throwing nets
 A - 56 poisoned darts
Armour
 r - a +2 cloak (worn)
 t - a +2 helmet (worn)
 L - a +2 robe of resistance
 S - the +0 pair of gloves of the Volcano (worn) {rF++ Regen+ Int-2 Dex+3}
   (You bought it in a shop on level 1 of the Lair of Beasts)

   Int-2:     It affects your intelligence (-2).
   Dex+3:     It affects your dexterity (+3).
   rF++:      It greatly protects you from fire.
   Regen+:    It increases your rate of health regeneration.
 T - the +4 skin of Zhor (worn) {*Englaciate rC+++ SInv}
   (You bought it in a shop on level 1 of the Lair of Beasts)

   *Englaciate: It radiates cold, occasionally slowing all nearby creatures who
   are not resistant to cold.
   rC+++:     It renders you almost immune to cold.
   SInv:      It lets you see invisible.
Magical Staves
 s - a staff of death
Jewellery
 e - the ring "Adgha" (right hand) {Fly rF+ rN+ Dex-5}
   (You took it off a yaktaur captain on level 14 of the Dungeon)

   [ring of positive energy]

   Dex-5:     It affects your dexterity (-5).
   rF+:       It protects you from fire.
   rN+:       It protects you from negative energy.
   Fly:       It grants you flight.
 w - the ring of Secrets {rElec SInv}
   (You found it on level 1 of the Orcish Mines)

   [ring of see invisible]

   rElec:     It insulates you from electricity.
   SInv:      It lets you see invisible.
 P - the ring of Agyn {rPois rN+ Will+ rCorr Str+3 Int-2}
   (You took it off a deep elf high priest on level 3 of the Elven Halls)

   [ring of positive energy]

   Str+3:     It affects your strength (+3).
   Int-2:     It affects your intelligence (-2).
   rPois:     It protects you from poison.
   rN+:       It protects you from negative energy.
   Will+:     It increases your willpower.
   rCorr:     It protects you from acid and corrosion.
 W - an amulet of magic regeneration (around neck)
 Y - a ring of magical power (left hand)
Talismans
 E - the serpent talisman of Serendipity {Dex+6}
   (You took it off Aizul on level 1 of the Elven Halls)

   [serpent talisman]

   Dex+6:     It affects your dexterity (+6).
Wands
 c - a wand of flame (42)
 v - a wand of warping (9)
 B - a wand of quicksilver (17)
 D - a wand of polymorph (29)
 I - a wand of digging (24)
 O - a wand of mindburst (6)
 U - a wand of paralysis (10)
Scrolls
 f - 9 scrolls of enchant weapon
 g - 4 scrolls of immolation
 j - 2 scrolls of torment
 l - 12 scrolls of teleportation
 o - a scroll of fear
 p - 5 scrolls of identify
 q - 3 scrolls of silence
 u - a scroll of butterflies
 y - 6 scrolls of fog
 z - a scroll of amnesia
 C - 3 scrolls of enchant armour
 H - 5 scrolls of blinking
 K - 3 scrolls of revelation
 Q - 5 scrolls of vulnerability
 R - 7 scrolls of poison
Potions
 d - 3 potions of haste
 h - 8 potions of enlightenment
 m - 6 potions of degeneration
 x - 4 potions of brilliance
 F - 2 potions of mutation
 G - a potion of might
 J - 9 potions of curing
 N - 3 potions of invisibility
 V - 2 potions of attraction
 Z - a potion of cancellation
Miscellaneous
 i - a phial of floods
 k - a lightning rod (4/4)


   Skills:
 + Level 15.4 Fighting
 - Level 1.5 Dodging
 - Level 3.0 Stealth
 + Level 17.0 Spellcasting
 - Level 14.0 Conjurations
 + Level 20.0 Ice Magic


You had 12 spell levels left.
You knew the following spells:

 Your Spells              Type           Power      Damage    Failure   Level
a - Magic Dart            Conj           100%       1d8       0%          1
b - Searing Ray           Conj           100%       2d8       0%          2
c - Mephitic Cloud        Conj/Alch/Air  42%        N/A       1%          3
e - Ozocubu's Armour      Ice            86%        N/A       0%          3
f - Frozen Ramparts       Ice            100%       1d16      0%          3
t - Sticky Flame          Fire/Alch      20%        2d6       26%         4
B - Iskenderun's Mystic   Conj/Tloc      52%        2d11      1%          4
F - Freezing Cloud        Conj/Ice/Air   33%        6-21      1%          5
G - Ozocubu's Refrigerat  Ice            43%        4d17      1%          7
R - Irradiate             Conj/Alch      26%        3d20      4%          5
T - Blink                 Tloc           40%        N/A       3%          2

Your spell library contained the following spells:

 Spells                   Type           Power      Damage    Failure   Level
 Freeze                   Ice            100%       1d10      0%          1
 Hailstorm                Conj/Ice       80%        3d13      0%          3
 Ensorcelled Hibernation  Hex/Ice        100%       N/A       1%          2
 Momentum Strike          Conj/Tloc      100%       3d10      1%          2
 Flame Wave               Conj/Fire      52%        2d13      1%          4
 Fulminant Prism          Conj/Alch      26%        3d14      1%          4
 Metabolic Englaciation   Hex/Ice        31%        N/A       1%          5
 Summon Small Mammal      Summ           80%        N/A       2%          1
 Cigotuvi's Dreadful Rot  Necr/Alch/Air  40%        N/A       3%          2
 Jinxbite                 Hex            40%        N/A       3%          2
 Lesser Beckoning         Tloc           40%        N/A       3%          2
 Mercury Vapours          Alch/Air       40%        N/A       3%          2
 Sublimation of Blood     Necr           20%        N/A       3%          2
 Sculpt Simulacrum        Ice/Alch       31%        N/A       6%          6
 Call Canine Familiar     Summ           20%        N/A       8%          3
 Confusing Touch          Hex            20%        N/A       8%          3
 Inner Flame              Hex/Fire       20%        N/A       8%          3
 Passwall                 Erth           20%        N/A       8%          3
 Swiftness                Air            20%        N/A       8%          3
 Tukima's Dance           Hex            20%        N/A       8%          3
 Cause Fear               Hex            10%        N/A       26%         4
 Dispel Undead            Necr           20%        3d11      26%         4
 Martyr's Knell           Necr/Summ      20%        N/A       26%         4
 Passage of Golubria      Tloc           20%        N/A       26%         4
 Petrify                  Alch/Erth      20%        N/A       26%         4
 Summon Blazeheart Golem  Fire/Summ      20%        N/A       26%         4
 Summon Forest            Summ/Tloc      10%        N/A       56%         5
 Yara's Violent Unravell  Hex/Alch       10%        3d6       56%         5
 Polar Vortex             Ice            43%        12d5*     56%         9
 Dispersal                Tloc           10%        N/A       98%         6
 Enfeeble                 Hex            10%        N/A       100%        7
 Chain Lightning          Conj/Air       26%        3d34      100%        9


Dungeon Overview and Level Annotations

Branches:
Dungeon (15/15)            Temple (1/1) D:7            Lair (5/5) D:11
 Shoals (0/4) Lair:2       Spider (0/4) Lair:2        Slime (0/5) Lair:5
    Orc (2/2) D:9             Elf (3/3) Orc:2        Vaults (0/5) D:14
 Depths (1/4) D:15          IceCv (visited)         Gauntlet (visited)

Altars:
Ashenzari
Cheibriados
Dithmenos
Elyvilon
Fedhas
Gozag
Hepliaklqana
Kikubaaqudgha
Makhleb
Nemelex Xobeh
Okawaru
Qazlal
Ru
Sif Muna
Trog
Uskayaw
Vehumet
Wu Jian
Xom
Yredelemnul
Zin
The Shining One
Beogh
Jiyva

Shops:
D:3 [   D:6 *?   D:7 =   D:13 =   D:14 ?   D:15 *   Orc:2 :(*[   Elf:2 (
Lair:1 [[:[*(   Depths:1 ?=?

Portals:
Hell: Depths:1
Abyss: Depths:1

Annotations:
D:3 3 runed translucent doors, korenl137's ghost, amateur KoEn
Depths:1 exclusion: orange crystal statue


Innate Abilities, Weirdness & Mutations

Your serpentine skin is tough. (AC +6)
You have supernaturally acute eyesight. (SInv)
Armour fits poorly on your strangely shaped body.
Your system is resistant to poisons. (rPois)
You cover ground very slowly.
You can spit poison.
You can use your snake-like lower body to constrict enemies.
You sometimes lose your temper in combat.
You are vulnerable to cold. (rC-)


Message History

[a] 1305 gold - Igue's General Store [b] 1268 gold - Hackeag's Antique Armour Shop [c] 1347 gold - Xuopev's Assorted Antiques Fund which merchant?
Hackeag invites you to visit his Antique Armour Shop.
Unknown command. [a] 1534 gold - Wuruxedy's Antique Weapon Boutique [b] 1380 gold - Gisemeg's Distillery [c] 1162 gold - Iruepp's Book Shop Fund which merchant?
You no longer have enough gold to bribe branches to halt enemies' attacks and recruit allies.
Iruepp invites you to visit their Book Shop. [a] 1134 gold - Xeakil's Weapon Boutique [b] 1683 gold - Gagun's Assorted Antiques [c] 938 gold - Baumnuzu's Antique Weapon Shop Fund which merchant?
You no longer have enough gold to fund merchants seeking to open stores in the dungeon.
Gagun invites you to visit his Assorted Antiques.
S - the +0 pair of gloves of the Volcano {rF++ Regen+ Int-2 Dex+3} Thank you for shopping at Gagun's Assorted Antiques!
There are no items here.
You start removing your armour.
You continue removing the +2 pair of gloves of Woabropti {+Inv Regen+ Int-3}. x4
You finish removing the +2 pair of gloves of Woabropti {+Inv Regen+ Int-3}.
You start putting on your armour.
You continue putting on the +0 pair of gloves of the Volcano {rF++ Regen+ Int-2 Dex+3}. x5
You finish putting on the +0 pair of gloves of the Volcano {rF++ Regen+ Int-2 Dex+3}.
You feel stupid.
You feel agile.
The gloves of the Volcano throb as they attune themselves to your uninjured body.
Okay, then.
Unknown command.
Okay, then.
You drop the +2 pair of gloves of Woabropti {+Inv Regen+ Int-3}.
Okay, then.
Options error: Unknown explore stop condition 'your_transformation_is_almost_over.' (Meow.rc:4) Welcome back, Meow the Naga Conjurer.
Gozag says: Greed is good.
Press ? for a list of commands and other information.
Are you sure you want to abandon this character and quit the game? (Confirm with "yes".)

.#.....#.....+...........#......#
.+...........P.....P.....#......#
##.....#.................#......#
.......#.....#.....###.##.......+
##.....#.....#..................#
##.....#.#####...................
.................................
............∩∩∩..................
............∩∩∩.@................
.................................
#.............<..>#######+##.....
#.....P#+#..##.#..P# #.###....
'.................#######.##.....
......#........P...##.....###....
#.....#........#..###.......+....
#.....#........+...##.....##.....
......#........#...#P...####.....


There were no monsters in sight!

Vanquished Creatures
  Mara (Depths:1)
  A deep elf master archer (Elf:3)
  5 deep elf blademasters
  Kirke (D:14)
  Agnes (Elf:1)
  Aizul (Elf:1)
  A tengu reaver (D:14)
  A frost giant (Depths:1)
  3 deep elf sorcerers (Elf:3)
  An orc warlord (Orc:2)
  2 fire giants (Depths:1)
  A reaper (IceCv)
  4 deep elf elementalists
  5 deep elf demonologists
  A vampire knight (Depths:1)
  2 stone giants
  6 deep elf annihilators (Elf:3)
  4 deep elf death magi (Elf:3)
  A blizzard demon (Gauntlet)
  3 ettins (Depths:1)
  Josephine (D:10)
  A merfolk javelineer (Depths:1)
  4 fire dragons
  5 deep elf high priests (Elf:3)
  A yaktaur captain (D:14)
  2 rakshasas (Depths:1)
  4 hydras
  3 catoblepae
  Erolcha (Orc:1)
  5 ogre magi
  4 centaur warriors
  A deep troll shaman (Lair:5)
  6 boulder beetles
  35 dancing weapons
  8 two-headed ogres
  The ghost of Haos the Covert, a journeyman OpCj of Vehumet (Orc:1)
  A deep troll earth mage (D:14)
  9 death yaks
  A demonic crawler (Lair:2)
  2 orc high priests (Orc:2)
  2 tengu warriors (D:15)
  12 deep elf knights
  A fire crab (Lair:2)
  12 hell knights (Depths:1)
  A fire crab (shapeshifter) (Elf:1)
  A swamp dragon (Elf:2)
  5 orc knights
  11 deep elf archers
  A harpy (shapeshifter) (D:14)
  A lindwurm (Lair:5)
  Pikel (D:6)
  12 ugly things
  A necromancer (Depths:1)
  2 phantasmal warriors (Depths:1)
  21 deep elf zephyrmancers
  3 thermic dynamos
  25 deep elf pyromancers
  2 wolf spiders
  7 orc sorcerers
  A manticore (D:14)
  5 cyclopes
  A shining eye (Depths:1)
  Maurice (D:8)
  2 ice statues (IceCv)
  21 elephants
  8 large abominations (Depths:1)
  4 black mambas
  2 kobold blastminers (Orc:2)
  2 freezing wraiths
  5 unseen horrors
  16 cane toads
  6 rime drakes
  4 yaktaurs (D:14)
  2 tengu conjurers (Depths:1)
  10 komodo dragons
  Psyche (D:8)
  4 ice devils (IceCv)
  A polar bear (Lair:5)
  10 trolls
  A queen bee (shapeshifter) (D:14)
  6 hornets
  3 blink frogs (Lair:4)
  4 dream sheep (Lair:3)
  4 air elementals
  13 slime creatures
  A shadow (D:11)
  8 wyverns
  8 water elementals
  6 wraiths
  A vampire (D:9)
  A dire elephant simulacrum (IceCv)
  7 basilisks
  53 yaks
  4 hogs
  4 fire elementals
  7 vampire mosquitoes
  3 wargs
  A death yak simulacrum (IceCv)
  A chaos spawn (Depths:1)
  2 hydra simulacra (IceCv)
  2 acid dragons
  9 water moccasins
  A swamp worm (Gauntlet)
  25 orc warriors
  10 ogres
  5 black bears
  A black bear (shapeshifter) (Elf:2)
  A boggart (shapeshifter) (Elf:1)
  13 centaurs
  10 wolves
  2 lemures
  4 kobold brigands
  14 bullfrogs
  4 cane toad simulacra (IceCv)
  5 earth elementals
  3 small abominations (Depths:1)
  3 gnoll sergeants
  10 scorpions
  A two-headed ogre simulacrum (IceCv)
  6 wights
  21 killer bees
  3 electric eels
  5 howler monkeys
  2 bombardier beetles
  6 hounds
  17 orc priests
  6 jellies
  A gnoll bouda (D:7)
  4 iguanas
  2 troll simulacra (IceCv)
  11 orc wizards
  A spriggan simulacrum (IceCv)
  21 gnolls
  5 naga simulacra (IceCv)
  10 adders
  3 shadow imps
  4 white imps
  8 ufetubi
  2 ribbon worms
  6 dart slugs
  56 orcs
  12 bats
  8 endoplasms
  4 giant cockroaches
  9 goblins
  6 hobgoblins
  2 jackals (D:2)
  21 kobolds
  4 quokkas
  3 training dummies (Elf:2)
  7 ball pythons
  3 frilled lizards
  8 rats
915 creatures vanquished.

Vanquished Creatures (others)
  2 humans (D:14)
  A water moccasin (Lair:2)
  6 fulminant prisms
9 creatures vanquished.

Grand Total: 924 creatures vanquished

Notes
Turn   | Place    | Note
-------+----------+-------------------------------------------
     0 | D:1      | Meow the Naga Conjurer began the quest for the Orb.
     0 | D:1      | Reached XP level 1. HP: 15/15 MP: 3/3
   177 | D:1      | Reached XP level 2. HP: 16/22 MP: 0/5
   180 | D:1      | Learned a level 2 spell: Searing Ray
   678 | D:1      | Reached XP level 3. HP: 28/28 MP: 3/6
  1324 | D:2      | Found a roughly hewn altar of Beogh.
  1361 | D:2      | Found a faded altar of an unknown god.
  1616 | D:2      | Reached XP level 4. HP: 36/36 MP: 5/8
  2441 | D:3      | Reached skill level 5 in Conjurations
  2461 | D:3      | Identified the +2 ring mail "Conkusen" {+Blink Fly Str-4
                  | Dex+2}
  2491 | D:3      | Found a runed translucent gate.
  2492 | D:3      | Found a runed translucent gate.
  2499 | D:3      | Found a runed translucent gate.
  2499 | D:3      | Noticed korenl137's ghost (amateur KoEn)
  2499 | D:3      | Noticed an ice beast
  2705 | D:3      | Found Qenul's Antique Armour Boutique.
  2789 | D:3      | Noticed a black bear
  2859 | D:4      | Reached XP level 5. HP: 42/42 MP: 3/10
  3014 | D:4      | Noticed an ogre
  3021 | D:4      | Killed an ogre
  3022 | D:4      | Reached XP level 6. HP: 22/49 MP: 3/12
  3501 | D:3      | Killed a black bear
  3502 | D:3      | Reached XP level 7. HP: 37/55 MP: 4/14
  3714 | D:4      | Reached skill level 5 in Spellcasting
  4049 | D:4      | Found a white marble altar of Elyvilon.
  4058 | D:4      | Reached skill level 1 in Fighting
  4157 | D:4      | Found a sacrificial altar of Ru.
  4162 | D:4      | Learned a level 3 spell: Frozen Ramparts
  4166 | D:4      | Learned a level 3 spell: Hailstorm
  4310 | D:5      | Entered Level 5 of the Dungeon
  4596 | D:5      | Reached XP level 8. HP: 65/67 MP: 2/16
  4991 | D:6      | Noticed a wyvern
  5792 | D:7      | Reached XP level 9. HP: 71/79 MP: 13/18
  5830 | D:7      | Identified the +0 ring mail "Geak" {Str-3 Int+4}
  6044 | D:7      | Found Dalymas's Jewellery Emporium.
  6387 | D:7      | Found a staircase to the Ecumenical Temple.
  6396 | Temple   | Entered the Ecumenical Temple
  6408 | Temple   | Became a worshipper of Gozag Ym Sagoz the Greedy
  6472 | D:7      | Reached skill level 5 in Fighting
  6772 | D:6      | Found a radiant altar of Vehumet.
  6796 | D:6      | Found a stormy altar of Qazlal.
  6796 | D:6      | Found a blossoming altar of Fedhas.
  6814 | D:6      | Noticed Pikel
  6824 | D:6      | Killed Pikel
  7051 | D:6      | Found an ancient bone altar of Kikubaaqudgha.
  7051 | D:6      | Found an iron altar of Okawaru.
  7052 | D:6      | Found a shimmering blue altar of Sif Muna.
  7099 | D:6      | Found Haseq's Magic Scroll Shoppe.
  7108 | D:6      | Bought 2 scrolls of blinking for 210 gold pieces
  7108 | D:6      | Bought a scroll of fear for 56 gold pieces
  7121 | D:6      | Found Zin's Purification Station.
  7125 | D:6      | Found a glowing silver altar of Zin.
  7701 | D:8      | Learned a level 4 spell: Iskenderun's Mystic Blast
  7775 | D:8      | Learned a level 4 spell: Fulminant Prism
  8060 | D:8      | You fall into a shaft and drop 3 floors!
  8078 | D:11     | Reached XP level 10. HP: 92/92 MP: 14/21
  8186 | D:11     | Found a gate leading to a gauntlet.
  8192 | Gauntlet | Entered a Gauntlet
  8192 | Gauntlet | Found a transporter.
  8192 | Gauntlet | Found a transporter.
  8196 | Gauntlet | Found a transporter.
  8196 | Gauntlet | Found a transporter.
  8205 | Gauntlet | Found a transporter.
  8207 | Gauntlet | Noticed a blizzard demon
  8222 | Gauntlet | Noticed a cacodemon
  8226 | Gauntlet | Found a transporter.
  8234 | Gauntlet | Found a transporter.
  8240 | Gauntlet | Found a transporter.
  8248 | Gauntlet | Found a transporter.
  8254 | Gauntlet | Found a transporter.
  8260 | Gauntlet | Found a transporter.
  8300 | Gauntlet | Noticed a large abomination
  8302 | Gauntlet | Noticed a large abomination
  8327 | Gauntlet | Found a transporter.
  8337 | Gauntlet | Found a transporter.
  8351 | Gauntlet | Found a transporter.
  8451 | Gauntlet | Found a transporter.
  8455 | Gauntlet | Noticed a great orb of eyes
  8463 | Gauntlet | Noticed a red ugly thing
  8466 | Gauntlet | Noticed a green ugly thing
  8467 | Gauntlet | Found a transporter.
  8672 | Gauntlet | Reached skill level 10 in Conjurations
  8672 | Gauntlet | Identified the +0 buckler of the Bedazzling Gods {Rampage
                  | rElec rPois Will-}
  8830 | Gauntlet | Learned a level 4 spell: Sticky Flame
  8839 | Gauntlet | Killed a blizzard demon
  8849 | Gauntlet | Identified the -1 cloak of Beogh's Supremacy {Harm rPois}
  9303 | Gauntlet | Noticed a minotaur
  9677 | Gauntlet | Identified the +1 robe of Gravitas {*Slow rF+ rC++ Stlth+}
 10035 | D:11     | Noticed a two-headed ogre
 10044 | D:11     | Killed a two-headed ogre
 10463 | D:11     | Reached skill level 10 in Fighting
 10617 | D:11     | Noticed an unseen horror
 10631 | D:11     | Killed an unseen horror
 10720 | D:11     | Reached XP level 11. HP: 24/110 MP: 2/23
 11173 | D:11     | Found a staircase to the Lair.
 11271 | D:10     | Entered Level 10 of the Dungeon
 11905 | D:10     | Noticed a two-headed ogre
 11916 | D:10     | Killed a two-headed ogre
 12268 | D:10     | Found a burning altar of Makhleb.
 12268 | D:10     | Noticed a balrug
 12592 | D:10     | Noticed Josephine
 12603 | D:10     | Killed Josephine
 13612 | D:9      | Noticed a white ugly thing
 13986 | D:9      | Found a staircase to the Orcish Mines.
 14027 | D:9      | Killed a white ugly thing
 14922 | D:8      | Noticed Maurice
 14970 | D:8      | Maurice stole an orb of light
 14971 | D:8      | Killed Maurice
 15070 | D:8      | Noticed a cyclops
 15079 | D:8      | Killed a cyclops
 15471 | D:8      | Reached XP level 12. HP: 122/122 MP: 19/25
 15951 | D:8      | Noticed Psyche
 15955 | D:8      | Killed Psyche
 16124 | Lair:1   | Entered Level 1 of the Lair of Beasts
 16131 | Lair:1   | Noticed a death yak
 16134 | Lair:1   | Noticed a death yak
 16339 | Orc:1    | Entered Level 1 of the Orcish Mines
 16429 | Orc:1    | Learned a level 2 spell: Blink
 16458 | Orc:1    | Reached skill level 10 in Spellcasting
 16581 | Orc:1    | Found a roughly hewn altar of Beogh.
 16606 | Orc:1    | Noticed an ogre mage
 16611 | Orc:1    | Noticed Erolcha
 16621 | Orc:1    | Noticed an ogre mage
 16920 | Lair:1   | Noticed a death yak
 16933 | D:11     | Killed a death yak
 17082 | Lair:1   | Noticed a death yak
 17093 | D:11     | Killed a death yak
 17193 | D:11     | Killed a death yak
 17986 | D:11     | Killed a death yak
 18555 | Lair:1   | Noticed a boulder beetle
 19072 | D:12     | Learned a level 5 spell: Freezing Cloud
 19076 | D:12     | Learned a level 3 spell: Mephitic Cloud
 20075 | D:13     | Found a frozen archway.
 20082 | IceCv    | Entered an ice cave
 21712 | IceCv    | Gained mutation: You can use your snake-like lower body to
                  | constrict enemies. [Naga growth]
 21712 | IceCv    | Reached XP level 13. HP: 57/129 MP: 1/28
 22096 | IceCv    | Noticed a reaper
 22267 | IceCv    | Killed a reaper
 22408 | IceCv    | Identified the +0 orcbow of Untimely Demise {heavy, rF+
                  | rN+}
 22553 | D:13     | Reached skill level 1 in Ice Magic
 22826 | D:13     | Found a blossoming altar of Fedhas.
 23028 | D:13     | Reached skill level 2 in Ice Magic
 23216 | D:13     | Found Midgh's Jewellery Shoppe.
 23526 | D:13     | Reached skill level 3 in Ice Magic
 23609 | D:13     | Reached skill level 4 in Ice Magic
 23905 | D:13     | Reached skill level 5 in Ice Magic
 24750 | Lair:1   | Reached skill level 6 in Ice Magic
 25282 | Lair:1   | Reached skill level 7 in Ice Magic
 25655 | Lair:2   | You fall into a shaft and drop 1 floor!
 25964 | Lair:2   | Reached skill level 8 in Ice Magic
 26491 | Lair:2   | Found a staircase to the Shoals.
 26539 | Lair:2   | Found a hole to the Spider Nest.
 26565 | Lair:2   | Reached skill level 9 in Ice Magic
 26708 | Lair:2   | Reached XP level 14. HP: 138/138 MP: 15/30
 27344 | Lair:3   | Reached skill level 10 in Ice Magic
 27591 | Lair:3   | Reached skill level 11 in Ice Magic
 28608 | Lair:3   | Learned a level 3 spell: Ozocubu's Armour
 28619 | Lair:3   | Learned a level 7 spell: Ozocubu's Refrigeration
 28652 | Lair:4   | Reached skill level 12 in Ice Magic
 28881 | Lair:4   | Found a sacrificial altar of Ru.
 29204 | Lair:4   | Reached skill level 13 in Ice Magic
 29776 | Orc:1    | Killed Erolcha
 30063 | Orc:1    | Reached skill level 14 in Ice Magic
 30272 | Lair:1   | Bought the +4 skin of Zhor {*Englaciate rC+++ SInv} for
                  | 1995 gold pieces
 30272 | Lair:1   | Found the +4 skin of Zhor {*Englaciate rC+++ SInv}
 30585 | Orc:1    | Found a runed translucent door.
 30644 | Orc:1    | Noticed Haos's ghost (journeyman OpCj)
 30895 | Orc:2    | Entered Level 2 of the Orcish Mines
 30936 | Orc:2    | Reached XP level 15. HP: 112/144 MP: 14/31
 31209 | Orc:2    | Found Gaen Dau's Antique Armour Shoppe.
 31418 | Orc:2    | Found Ywamp's Antique Weapon Shop.
 31591 | Orc:2    | Found a roughly hewn altar of Beogh.
 31608 | Orc:2    | Found Iqui's Book Shop.
 31620 | Orc:2    | Reached skill level 15 in Ice Magic
 31636 | Orc:2    | Bought a book of Transmutation for 392 gold pieces
 31684 | Orc:2    | Noticed an orc warlord
 31710 | Orc:2    | Killed an orc warlord
 32187 | Orc:2    | Found Upocuits's General Store.
 32195 | Orc:2    | Bought a potion of curing for 45 gold pieces
 32195 | Orc:2    | Bought a scroll of teleportation for 45 gold pieces
 32195 | Orc:2    | Bought 2 scrolls of teleportation for 90 gold pieces
 32269 | Orc:2    | Found a staircase to the Elven Halls.
 32574 | Lair:5   | Entered Level 5 of the Lair of Beasts
 33172 | Lair:5   | Found a viscous altar of Jiyva.
 33173 | Lair:5   | Found a staircase to the Slime Pits.
 33270 | Lair:5   | Reached skill level 16 in Ice Magic
 33456 | Lair:5   | Found the +11 plutonium sword {^Contam Stlth-}
 34061 | D:14     | Found Zintipru's Magic Scroll Shoppe.
 34068 | D:14     | Bought a scroll of teleportation for 36 gold pieces
 34068 | D:14     | Bought a scroll of teleportation for 36 gold pieces
 34068 | D:14     | Bought a scroll of teleportation for 36 gold pieces
 34068 | D:14     | Bought a scroll of poison for 48 gold pieces
 34142 | D:14     | Identified the ring "Adgha" {Fly rF+ rN+ Dex-5}
 34294 | D:14     | Noticed a tengu reaver
 34478 | D:14     | Noticed Kirke
 34756 | D:14     | Killed a tengu reaver
 34782 | D:14     | Killed Kirke
 34897 | D:14     | Got the Excursus on Angles and Guile
 35084 | D:14     | Reached XP level 16. HP: 157/157 MP: 26/33
 35423 | D:14     | Found a gate to the Vaults.
 35581 | D:14     | Found a bloodstained altar of Trog.
 35666 | D:14     | Identified the +2 leather armour "Sorphepo" {Harm rC+ SInv}
 35799 | D:15     | Entered Level 15 of the Dungeon
 36077 | D:6      | Bought a scroll of amnesia for 56 gold pieces
 36085 | D:6      | Learned a level 5 spell: Irradiate
 36264 | D:15     | Found a staircase to the Depths.
 36535 | D:15     | Found Dyruwu's Assorted Antiques.
 36543 | D:15     | Bought a scroll of teleportation for 99 gold pieces
 37326 | Elf:1    | Entered Level 1 of the Elven Halls
 37392 | Orc:1    | Identified the ring of Secrets {rElec SInv}
 37687 | Orc:1    | Killed Haos's ghost
 37913 | Elf:1    | Identified the +9 scimitar of the Augurer {freeze, *Rage
                  | rPois Dex+2 SInv}
 38370 | Elf:1    | Noticed Agnes
 38375 | Elf:1    | Killed Agnes
 38608 | Elf:1    | Identified the serpent talisman of Serendipity {Dex+6}
 38608 | Elf:1    | Noticed Aizul
 38617 | Elf:1    | Killed Aizul
 39070 | Elf:1    | Identified the +2 kite shield "Jizenino" {-Tele rElec rN+
                  | Will+}
 39072 | Elf:1    | Identified the +0 ice dragon scales "Ysixt" {Harm *Slow Fly
                  | rF- rC++ Str+3}
 39078 | Elf:1    | Identified the +5 scale mail "Wunimap" {rElec}
 39098 | Elf:1    | Identified the +1 leather armour "Yppeoxza" {rPois rN+
                  | SInv}
 39933 | Elf:2    | Identified the +2 pair of gloves of Woabropti {+Inv Regen+
                  | Int-3}
 40023 | Elf:2    | Found a runed translucent gate.
 40023 | Elf:2    | Found a runed translucent gate.
 40024 | Elf:2    | Found a runed translucent gate.
 40047 | Elf:2    | Reached skill level 15 in Spellcasting
 40047 | Elf:2    | Reached skill level 17 in Ice Magic
 40154 | Elf:2    | Reached XP level 17. HP: 113/156 MP: 36/36
 40329 | Elf:2    | Found Gamoy's Firing Range.
 40458 | Elf:2    | Paralysed by an air elemental for 1 turns
 40780 | Elf:2    | Identified the +3 ring mail of Modesty {^Contam Harm rPois
                  | rF+ Dex+2}
 41230 | Elf:2    | Reached skill level 18 in Ice Magic
 41289 | Elf:2    | Noticed a deep elf blademaster
 41294 | Elf:2    | Killed a deep elf blademaster
 41562 | Elf:3    | Entered Level 3 of the Elven Halls
 41832 | Elf:3    | Found a shimmering blue altar of Sif Muna.
 41860 | Elf:3    | Noticed a deep elf blademaster
 41860 | Elf:3    | Noticed a deep elf blademaster
 41864 | Elf:3    | Killed a deep elf blademaster
 42546 | Elf:3    | Identified the ring of Agyn {rPois rN+ Will+ rCorr Str+3
                  | Int-2}
 42592 | Elf:3    | Identified the +2 great sword of Viozerie {elec, rN++ Str-5
                  | Int+2 SInv}
 42691 | Elf:3    | Reached XP level 18. HP: 97/176 MP: 27/38
 42841 | Elf:3    | Identified the +9 long sword "Noorif" {heavy, rElec rC-
                  | Str+2 Int+3 Stlth+}
 42846 | Elf:3    | Identified the +2 quarterstaff of Ointment {speed, Str+3}
 42851 | Elf:3    | Killed a deep elf blademaster
 42851 | Elf:3    | Noticed a Hell Sentinel
 43005 | Elf:3    | Noticed a deep elf blademaster
 43011 | Elf:3    | Killed a deep elf blademaster
 43116 | Elf:3    | Noticed a deep elf blademaster
 43122 | Elf:3    | Killed a deep elf blademaster
 43122 | Elf:3    | Noticed a deep elf master archer
 43123 | Elf:3    | Reached skill level 19 in Ice Magic
 43352 | Elf:3    | Gained mutation: You have hidden genetic defects.
                  | [mutagenic glow]
 43459 | Elf:3    | Identified the +6 hand axe "Eviscerator" {holy, rF+ Will-
                  | rCorr Str+4}
 43529 | Elf:3    | Killed a deep elf master archer
 43637 | Elf:3    | Identified the +6 shortbow of Attainder {flame, rElec
                  | rCorr}
 43638 | Elf:3    | Identified the staff of Tebet {^Fragile rElec rC+ Int+5
                  | SInv Air}
 43658 | Elf:3    | Identified the staff of Mastery {^Fragile rPois rF+ rCorr
                  | Conj Fire}
 43678 | Elf:3    | Got Muodetyn's Quarto of Geometries and Assaults
 43723 | Elf:3    | Identified the +0 orcbow "Giantbane" {flame, rC++ Int-3}
 44020 | Depths:1 | Entered Level 1 of the Depths
 44020 | Depths:1 | Found a gateway to Hell.
 44027 | Depths:1 | Noticed Mara
 44100 | Depths:1 | Noticed Meow's illusion
 44103 | Depths:1 | Noticed Meow's illusion
 44104 | Depths:1 | Killed Mara
 44105 | Depths:1 | Reached skill level 15 in Fighting
 44181 | D:15     | Gained mutation: You are vulnerable to cold. (rC-) [hidden
                  | defects]
 44695 | Depths:1 | Found Bezef's Magic Scroll Emporium.
 44696 | Depths:1 | Found Loojoq's Jewellery Shoppe.
 44699 | Depths:1 | Found Jiogal's Magic Scroll Emporium.
 44703 | Depths:1 | Bought a scroll of blinking for 105 gold pieces
 44707 | Depths:1 | Bought a scroll of teleportation for 51 gold pieces
 44707 | Depths:1 | Bought a scroll of teleportation for 51 gold pieces
 44707 | Depths:1 | Bought a scroll of teleportation for 51 gold pieces
 44791 | Depths:1 | Paralysed by a vampire knight for 3 turns
 44943 | Depths:1 | Found a one-way gate to the infinite horrors of the Abyss.
 44959 | Depths:1 | Gained mutation: You sometimes lose your temper in combat.
                  | [hidden defects]
 44959 | Depths:1 | Lost mutation: You have hidden genetic defects. [hidden
                  | defects expressed]
 45112 | Depths:1 | Reached skill level 20 in Ice Magic
 45405 | Depths:1 | Found a sparkling altar of Nemelex Xobeh.
 45886 | Lair:1   | Bought a pair of fine gloves for 218 gold pieces
 45886 | Lair:1   | Identified the +0 pair of gloves of the Volcano {rF++
                  | Regen+ Int-2 Dex+3} (You bought it in a shop on level 1 of
                  | the Lair of Beasts)
 45899 | Lair:1   | Upgraded the game from 0.32-a0-818-gb728d02 to
                  | 0.32-a0-834-geaf45d8
 45899 | Lair:1   | Quit the game

Illustrated notes

Levels and vault maps discovered:
D:1:      scummos_arrival_hexagon, layout_loops_corners,
          chequers_serial_rivers_micro_c
D:2:      layout_loops_corners, hellmonk_ecumenical_altar_defaced_shrine
D:3:      layout_loops_corners, gammafunk_ghost_split, serial_shops, shop
D:4:      layout_rooms, general_overflow_altar,
          mainiacjoe_overflow_small_starburst
D:5:      layout_rooms, nicolae_figureground_pulse
D:6:      layout_rooms, grunt_temple_overflow_forces_of_nature,
          gammafunk_temple_overflow_forgotten, zin_purify,
          mainiacjoe_overflow_surrounded_room, serial_shops, shop, uniq_pikel
D:7:      minmay_general_purpose_star, layout_basic,
          minmay_temple_entry_nine_rooms, serial_shops, shop
D:8:      old_forge, layout_loops_ring, serial_park_tiny_pond, uniq_maurice,
          uniq_psyche
D:9:      hellmonk_destroyed_diamonds, layout_cross, orc_0_dummy
D:10:     layout_stronghold, makhleb_altar_promises_db, uniq_josephine
D:11:     layout_long_grid, david_lair_shrubbed, gauntlet_entry_generic
D:12:     layout_long_grid
D:13:     layout_loops_corners, serial_shops, nicolae_shop_advertising_works
          [nicolae_subvault_shop_adworks], portal_ice_cave_entry_pillars_2,
          fedhas_altar_4
D:14:     minmay_strange_plus, layout_long_grid,
          hangedman_vaults_entry_quadrant_bands, serial_shops, shop,
          trog_three_pillars_becter, uniq_kirke
D:15:     grunt_enter_depths_hoard, layout_basic, serial_shops, shop,
          nicolae_sextant, minivault_4
Temple:   hc_temple_tempest_star
Lair:1:   layout_regular_city
Lair:2:   layout_concentric_octagons, minmay_shoals_entry_centaurs,
          nicolae_spider_entry_non_spiders, chequers_serial_rivers_small_3
Lair:3:   layout_roguey, serial_rivers, chequers_serial_rivers_room_b,
          chequers_serial_rivers_room_a, chequers_serial_rivers_micro_d,
          chequers_serial_rivers_micro_e, pdpol_lair_cavern_descent
Lair:4:   layout_concentric_octagons, basic_altar, grunt_megastairs_3
Lair:5:   grunt_lair_end_beastmaster, layout_gridlike, slime_entry_1
Orc:1:    hellmonk_paralyzer, layout_caves, ebering_ghost_inner_flame,
          basic_altar, uniq_erolcha
Orc:2:    grunt_orc_gardens, layout_caves, grunt_orc_garden, grunt_orc_garden,
          grunt_orc_garden, grunt_orc_garden, nicolae_orc_beogh_chapel
Elf:1:    minmay_the_grid_square_5x5_3x3
          [minmay_the_grid_square_5x5_two_walls_b,
          minmay_the_grid_square_5x5_gyroscope,
          minmay_the_grid_square_5x5_minibox,
          minmay_the_grid_square_5x5_tetrominoes,
          minmay_the_grid_square_5x5_megaprize_open,
          minmay_the_grid_square_5x5_half_checkered,
          minmay_the_grid_square_5x5_c, minmay_the_grid_square_5x5_z,
          minmay_the_grid_square_5x5_inset], layout_rooms,
          hangedman_corner_corridor, minmay_misc_feat_diagonals, drop_trap,
          uniq_aizul, uniq_agnes
Elf:2:    nicolae_elf_blades_splatter_lattice
          [nicolae_blade_entry_crossed_weapons], layout_geoelf_grid,
          st_stairs_4, nicolae_shop_firing_range
Elf:3:    minmay_elf_hall_not_hex, layout_loops_corners, basic_altar,
          nicolae_elf_glassroom_feature, grunt_megastairs_1
Depths:1: layout_cave_pools, minmay_room_of_horrors, hell_entry,
          nemelex_lonely_heart_becter, chequers_serial_rivers_room_b,
          nicolae_benzene_ring, nicolae_wooded_promenade, minivault_16,
          nrook_pool_corridor, chequers_serial_rivers_small_a, uniq_mara

Skill      XL: |  1  2  3  4  5  6  7  8  9 10 11 12 13 14 15 16 17 18 |
---------------+-------------------------------------------------------+-----
Spellcasting   | 3 4 5 6 7 8 9 11 12 13 15 16 17 | 17.0
Conjurations   | 5 6 7 8 9 10 11 13 14 | 14.0
Fighting       | 2 4 6 10 12 13 14 15 | 15.4
Ice Magic      | 9 14 16 17 18 20 | 20.0
Dodging        | |  1.5
Stealth        | |  3.0

Action                     |  1- 3 |  4- 6 |  7- 9 | 10-12 | 13-15 | 16-18 || total
---------------------------+-------+-------+-------+-------+-------+-------++-------
  Melee: Dagger            |     4 |       |       |       |       |       ||     4
         Quarterstaff      |       |       |     5 |    55 |     4 |       ||    64
         Constrict         |       |       |       |       |    17 |    42 ||    59
         Broad axe         |       |       |       |       |    19 |       ||    19
         Triple sword      |       |       |       |       |    24 |   143 ||   167
   Fire: Orcbow            |       |       |       |       |    69 |       ||    69
   Cast: Magic Dart        |    35 |    35 |    64 |   104 |    30 |     9 ||   277
         Searing Ray       |     4 |    13 |    64 |   142 |    82 |    12 ||   317
         Frozen Ramparts   |       |       |     5 |    45 |     2 |     1 ||    53
         Iskenderun's Myst |       |       |       |    59 |    36 |     9 ||   104
         Fulminant Prism   |       |       |       |     6 |       |       ||     6
         Sticky Flame      |       |       |       |    58 |    32 |     6 ||    96
         Hailstorm         |       |       |       |     6 |       |       ||     6
         Freezing Cloud    |       |       |       |     4 |   174 |   134 ||   312
         Ozocubu's Refrige |       |       |       |       |     4 |    92 ||    96
         Irradiate         |       |       |       |       |       |    60 ||    60
 Invoke: Call Merchant     |       |       |       |     1 |     2 |     3 ||     6
Ability: Spit Poison       |    26 |    21 |    56 |    84 |    57 |    13 ||   257
  Evoke: Lightning rod     |       |       |       |    10 |    13 |       ||    23
         Wand              |       |       |       |     4 |     6 |     1 ||    11
    Use: Scroll            |     1 |       |     6 |    16 |     5 |    15 ||    43
         Potion            |       |       |       |    16 |     1 |     3 ||    20
 Armour: Robe              |    12 |    14 |    82 |   432 |   218 |   128 ||   886
         Animal skin       |       |       |       |       |   248 |   401 ||   649
         Skin              |       |       |       |       |       |     2 ||     2
  Dodge: Dodged            |     6 |     9 |    45 |   170 |   145 |   108 ||   483

Table legend: (Time is in decaauts)
 A = Elapsed time spent in this place.
 B = Non-inter-level travel time spent in this place.
 C = Inter-level travel time spent in this place.
 D = Time resting spent in this place.
 E = Time spent auto-exploring this place.
 F = Levels seen in this place.
 G = Mean time per level.
                   A        B        C        D        E       F      G
               +--------+--------+--------+--------+--------+-----+--------+
         Total |  55647 |  51323 |   4324 |  17793 |  24795 |  29 | 1918.9 |
       Dungeon |  29384 |  26280 |   3104 |   9565 |  13141 |  15 | 1958.9 |
        Temple |     33 |      3 |     30 |      0 |      0 |   1 |   33.0 |
          Lair |   8619 |   8153 |    466 |   1996 |   4973 |   5 | 1723.8 |
  Orcish Mines |   4750 |   4334 |    416 |   1797 |   1548 |   2 | 2375.0 |
   Elven Halls |   6708 |   6440 |    268 |   1780 |   3389 |   3 | 2236.0 |
        Depths |   1768 |   1730 |     38 |    325 |   1047 |   1 | 1768.0 |
      Ice Cave |   2627 |   2627 |      0 |   1611 |    231 |   1 | 2627.0 |
      Gauntlet |   1755 |   1755 |      0 |    716 |    463 |   1 | 1755.0 |
               +--------+--------+--------+--------+--------+-----+--------+

Top non-repeatable levels by time:
    D:11: 4332 daAuts
    D:13: 3393 daAuts
    D:10: 3148 daAuts
   Elf:3: 2770 daAuts
   Orc:2: 2690 daAuts
   IceCv: 2627 daAuts
   Elf:2: 2620 daAuts
   Orc:1: 2060 daAuts
     D:9: 2042 daAuts
  Lair:3: 2041 daAuts
     D:7: 2025 daAuts
     D:8: 1980 daAuts
  Lair:2: 1920 daAuts
Depths:1: 1768 daAuts
Gauntlet: 1755 daAuts
